Blackhawks vs Capitals
(R1)
Created - April 18, 2018 at 23:14
Goals
|
| Blackhawks |
1 |
0 |
2 |
0 |
3 |
| Capitals |
1 |
1 |
1 |
1 |
4 |
|
Shots
|
| Blackhawks |
14 |
10 |
10 |
0 |
34 |
| Capitals |
12 |
6 |
7 |
1 |
26 |
|
1st period
1. Capitals , Joe Thornton 23 (Darroll Powe 12, Erik Karlsson 30) at 1:14
2. Blackhawks , Antoine Roussel 22 (Mike Green 40, Derick Brassard 49) at 2:09
Penalties :
Blake Wheeler (Was) for Hooking (Minor) at 2:18, Jaden Schwartz (Chi) for Slashing (Minor) at 4:39, Antoine Roussel (Chi) for Slashing (Minor) at 5:11, Taylor Pyatt (Chi) for Hooking (Minor) at 11:22
2nd period
3. Capitals , Jamie Benn 14 (Joe Thornton 36, Blake Wheeler 26) at 15:29
Penalties :
Matt Carle (Was) for High sticking (Minor) at 5:04, Chris Kunitz (Was) for Slashing (Minor) at 8:30, Derick Brassard (Chi) for Interference (Minor) at 9:36, Derick Brassard (Chi) for Hooking (Minor) at 17:34
3rd period
4. Capitals , Blake Wheeler 18 (Stephane Robidas 16) at 1:19 (PP)
5. Blackhawks , Jaden Schwartz 11 (Antoine Roussel 47, Ryan Johansen 15) at 4:55
6. Blackhawks , Ryan Johansen 12 (Denis Grebeshkov 20, Peter Regin 29) at 17:49
Penalties :
Chad Larose (Chi) for Hooking (Minor) at 1:01, Josef Vasicek (Was) for Hooking (Minor) at 2:29, Antoine Roussel (Chi) for Holding (Minor) at 2:32, Alexei Morozov (Was) for Hooking (Minor) at 5:39, Joe Thornton (Was) for Interference (Minor) at 9:36, Ryan Johansen (Chi) for Tripping (Minor) at 15:26, Taylor Pyatt (Chi) for Slashing (Minor) at 18:36
Overtime #1
7. Capitals , Blake Wheeler 19 (Stephane Robidas 17, Alexei Morozov 22) at 0:44
Penalties :
No Penalty
Goalie Stats
Jimmy Howard (Chi), 22 saves from 26 shots - (0.846), OTL, 23-33-15, 60:44 minutes
Miika Kiprusoff (Was), 31 saves from 34 shots - (0.912), W, 7-14-0, 60:44 minutes
Players Stats for Blackhawks
Player Name G A P +/- PIM S H SB GA TA FO MP PP MP PK MP
------------------------------------------------------------------------------------
Antoine Roussel 1 1 2 2 4 6 3 1 1 1 1/1 23:02 5:19 4:59
Chad Larose 0 0 0 1 2 0 2 0 0 1 1/4 15:14 5:13 0:00
Dalton Prout 0 0 0 -1 0 1 1 0 0 1 0/0 7:43 0:00 0:00
Denis Grebeshkov 0 1 1 0 0 3 1 1 0 0 0/0 21:41 4:24 4:31
Derick Brassard 0 1 1 1 4 5 1 1 0 0 24/36 23:27 5:19 5:22
Jaden Schwartz 1 0 1 -1 2 2 1 0 0 0 0/0 9:33 0:00 2:15
Joni Pitkanen 0 0 0 1 0 2 1 0 1 2 0/0 31:20 4:41 7:23
Kevin Marshall 0 0 0 -1 0 1 0 0 0 0 0/0 7:43 0:00 0:00
Kyle Brodziak 0 0 0 -2 0 0 1 0 0 0 0/1 9:24 0:07 1:35
Ladislav Smid 0 0 0 0 0 2 0 1 0 0 0/0 21:41 4:24 4:31
Mike Green 0 1 1 1 0 4 1 2 2 2 0/0 31:20 4:41 7:23
Peter Regin 0 1 1 1 0 3 2 0 0 0 7/14 17:19 3:45 2:43
Ryan Johansen 1 1 2 1 2 1 0 0 0 1 4/5 16:21 3:45 2:14
Spencer Machacek 0 0 0 0 0 0 0 0 0 0 0/0 7:47 0:00 0:00
Steve Ott 0 0 0 -2 0 0 0 0 0 0 0/1 5:41 0:00 0:00
Taylor Pyatt 0 0 0 -1 4 2 4 0 0 0 0/0 10:25 0:00 0:25
Tomas Fleischmann 0 0 0 1 0 1 1 0 1 0 0/0 16:47 3:45 2:11
Tyler Kennedy 0 0 0 0 0 1 0 0 1 0 0/0 10:09 0:00 0:00
Players Stats for Capitals
Player Name G A P +/- PIM S H SB GA TA FO MP PP MP PK MP
------------------------------------------------------------------------------------
Alexei Morozov 0 1 1 0 2 2 3 2 0 1 1/1 17:41 4:49 1:38
Blake Wheeler 2 1 3 2 2 4 2 1 2 2 1/2 19:45 5:49 1:37
Chris Kunitz 0 0 0 -1 2 1 1 0 0 0 0/0 12:12 0:17 1:36
Darroll Powe 0 1 1 0 0 0 0 1 0 0 2/2 7:24 0:26 0:58
Eric Fehr 0 0 0 1 0 1 0 0 1 0 0/0 5:16 0:23 0:00
Erik Karlsson 0 1 1 -1 0 0 0 1 0 1 0/0 8:55 0:00 0:00
Jamie Benn 1 0 1 1 0 1 3 0 0 0 1/1 17:02 5:49 0:00
Joe Thornton 1 1 2 2 2 2 4 1 1 0 11/33 25:53 5:57 3:49
Josef Vasicek 0 0 0 -2 2 4 2 1 2 0 4/9 12:48 0:46 0:08
Keith Yandle 0 0 0 0 0 0 0 0 0 0 0/0 2:25 0:00 0:00
Lasse Kukkonen 0 0 0 2 0 2 2 1 0 1 0/0 30:29 6:17 5:37
Matt Carle 0 0 0 -1 2 0 0 1 0 0 0/0 9:18 0:00 0:00
Matt Irwin 0 0 0 -1 0 1 2 2 0 0 0/0 20:57 5:01 3:28
Paul Martin 0 0 0 -1 0 1 0 1 1 0 0/0 20:57 5:01 3:28
Ryan Getzlaf 0 0 0 -2 0 4 2 1 0 1 3/10 22:38 4:49 5:26
Stephane Robidas 0 2 2 2 0 0 2 2 1 0 0/0 28:27 6:17 5:37
T.J. Oshie 0 0 0 0 0 2 1 0 0 0 2/4 14:00 0:00 2:58
Tuomo Ruutu 0 0 0 -2 0 1 4 0 0 0 0/0 14:49 4:49 0:00
3 Stars
1 - Blake Wheeler (Was)
2 - Joe Thornton (Was)
3 - Stephane Robidas (Was)
Power Play
Blackhawks - 0 on 6 Attempt(s) - 0.00%
Capitals - 1 on 9 Attempt(s) - 11.11%
Penalty Kill
Blackhawks - 8 on 9 Attempt(s) - 88.89%
- Score 0 goal in Penalty Kill
Capitals - 6 on 6 Attempt(s) - 100.00%
- Score 0 goal in Penalty Kill
Team Stat
Blackhawks - Hits : 19 - Faceoff Wins : 37 - Blocked Shots : 6 - Penalty Minutes : 18
Capitals - Hits : 28 - Faceoff Wins : 25 - Blocked Shots : 15 - Penalty Minutes : 12
Official
Referees : Kimmerly Greg and StPierre Justin
Linesman : Brian Murphy and Ryan Galloway
Game Notes
4:55 of 3rd period - Blackhawks goal is going for a video replay. After video review, Goal.
Finance
Level 1 -- Attendance: 5315 (88.58%) -- Ticket Income $435,830
Level 2 -- Attendance: 5000 (100.00%) -- Ticket Income $235,000
Level 3 -- Attendance: 1921 (96.05%) -- Ticket Income $61,472
Level 4 -- Attendance: 3718 (92.95%) -- Ticket Income $78,078
Luxury Box -- Attendance: 758 (75.80%) -- Ticket Income $127,344
Game was played at the Verizon Center.
Total Attendance: 16712 (92.84%)
Total Ticket Income: $937,724
Other Income: $140,659
Total Income: $1,078,383
Blackhawks
5 vs 5 Forward
Center Left Wing Right Wing Time % Phy DF OF
1 Derick Brassard Antoine Roussel Chad Larose 40 1 2 2
2 Peter Regin Tomas Fleischmann Tyler Kennedy 30 1 2 2
3 Ryan Johansen Taylor Pyatt Spencer Machacek 20 1 2 2
4 Steve Ott Jaden Schwartz Kyle Brodziak 10 1 2 2
5 vs 5 Defense
Defense Defense Time % Phy DF OF
1 Mike Green Joni Pitkanen 40 1 2 2
2 Denis Grebeshkov Ladislav Smid 30 1 2 2
3 Kevin Marshall Dalton Prout 20 1 2 2
4 Mike Green Joni Pitkanen 10 1 2 2
PowerPlay Forward
Center Left Wing Right Wing Time % Phy DF OF
1 Derick Brassard Antoine Roussel Chad Larose 60 1 2 2
2 Peter Regin Tomas Fleischmann Ryan Johansen 40 1 2 2
PowerPlay Defense
Defense Defense Time % Phy DF OF
1 Mike Green Joni Pitkanen 60 1 2 2
2 Denis Grebeshkov Ladislav Smid 40 1 2 2
Penalty Kill 4 Players Forward
Center Wing Time % Phy DF OF
1 Derick Brassard Antoine Roussel 60 1 2 2
2 Peter Regin Tomas Fleischmann 40 1 2 2
Penalty Kill 4 Players Defense
Defense Defense Time % Phy DF OF
1 Mike Green Joni Pitkanen 60 1 2 2
2 Denis Grebeshkov Ladislav Smid 40 1 2 2
Penalty Kill - 3 Players Forward
Forward Time % Phy DF OF
1 Derick Brassard 60 1 2 2
2 Antoine Roussel 40 1 2 2
Penalty Kill - 3 Players Defense
Defense Defense Time % Phy DF OF
1 Mike Green Joni Pitkanen 60 1 2 2
2 Denis Grebeshkov Ladislav Smid 40 1 2 2
4 vs 4 Forward
Center Wing Time % Phy DF OF
1 Derick Brassard Antoine Roussel 60 1 2 2
2 Peter Regin Tomas Fleischmann 40 1 2 2
4 vs 4 Defense
Defense Defense Time % Phy DF OF
1 Mike Green Joni Pitkanen 60 1 2 2
2 Denis Grebeshkov Ladislav Smid 40 1 2 2
Last Minutes Offensive
Center Left Wing Right Wing Defense Defense
Derick Brassard Antoine Roussel Chad Larose Mike Green Joni Pitkanen
Last Minutes Defensive
Center Left Wing Right Wing Defense Defense
Derick Brassard Antoine Roussel Chad Larose Mike Green Joni Pitkanen
Goaltenders
Starting : Jimmy Howard
Backup : Al Montoya
Extra Forwards
Normal : Kyle Brodziak, Taylor Pyatt, Ryan Johansen - PP : Kyle Brodziak, Taylor Pyatt - PK : Ryan Johansen
Extra Defensemen
Normal : Kevin Marshall, Dalton Prout, Denis Grebeshkov - PP : Kevin Marshall - PK : Dalton Prout, Denis Grebeshkov
Penalty Shots
Derick Brassard, Antoine Roussel, Peter Regin, Tomas Fleischmann, Chad Larose
Scratches
Tomas Kaberle (Healthy)
Capitals
5 vs 5 Forward
Center Left Wing Right Wing Time % Phy DF OF
1 Joe Thornton Jamie Benn Blake Wheeler 40 1 2 2
2 Ryan Getzlaf Tuomo Ruutu Alexei Morozov 30 1 2 2
3 Josef Vasicek Chris Kunitz T.J. Oshie 20 1 2 2
4 Darroll Powe Joe Thornton Eric Fehr 10 1 2 2
5 vs 5 Defense
Defense Defense Time % Phy DF OF
1 Lasse Kukkonen Stephane Robidas 40 1 2 2
2 Paul Martin Matt Irwin 30 1 2 2
3 Erik Karlsson Matt Carle 20 1 2 2
4 Keith Yandle Lasse Kukkonen 10 1 2 2
PowerPlay Forward
Center Left Wing Right Wing Time % Phy DF OF
1 Joe Thornton Jamie Benn Blake Wheeler 60 1 2 2
2 Ryan Getzlaf Tuomo Ruutu Alexei Morozov 40 1 2 2
PowerPlay Defense
Defense Defense Time % Phy DF OF
1 Lasse Kukkonen Stephane Robidas 60 1 2 2
2 Paul Martin Matt Irwin 40 1 2 2
Penalty Kill 4 Players Forward
Center Wing Time % Phy DF OF
1 Joe Thornton Ryan Getzlaf 60 1 2 2
2 Blake Wheeler Alexei Morozov 40 1 2 2
Penalty Kill 4 Players Defense
Defense Defense Time % Phy DF OF
1 Lasse Kukkonen Stephane Robidas 60 1 2 2
2 Paul Martin Matt Irwin 40 1 2 2
Penalty Kill - 3 Players Forward
Forward Time % Phy DF OF
1 Joe Thornton 60 1 2 2
2 Ryan Getzlaf 40 1 2 2
Penalty Kill - 3 Players Defense
Defense Defense Time % Phy DF OF
1 Lasse Kukkonen Stephane Robidas 60 1 2 2
2 Paul Martin Matt Irwin 40 1 2 2
4 vs 4 Forward
Center Wing Time % Phy DF OF
1 Joe Thornton Ryan Getzlaf 60 1 2 2
2 Blake Wheeler Alexei Morozov 40 1 2 2
4 vs 4 Defense
Defense Defense Time % Phy DF OF
1 Lasse Kukkonen Stephane Robidas 60 1 2 2
2 Paul Martin Matt Irwin 40 1 2 2
Last Minutes Offensive
Center Left Wing Right Wing Defense Defense
Joe Thornton Jamie Benn Blake Wheeler Lasse Kukkonen Stephane Robidas
Last Minutes Defensive
Center Left Wing Right Wing Defense Defense
Joe Thornton Jamie Benn Blake Wheeler Lasse Kukkonen Stephane Robidas
Goaltenders
Starting : Miika Kiprusoff
Backup : Roberto Luongo
Extra Forwards
Normal : Josef Vasicek, Darroll Powe, T.J. Oshie - PP : Josef Vasicek, Darroll Powe - PK : T.J. Oshie
Extra Defensemen
Normal : Erik Karlsson, Matt Carle, Keith Yandle - PP : Erik Karlsson - PK : Matt Carle, Keith Yandle
Penalty Shots
Joe Thornton, Ryan Getzlaf, Blake Wheeler, Alexei Morozov, Josef Vasicek
Scratches
Brian Boyle (Healthy), Wayne Simmonds (Sprained Left Finger Injury), Shane Doan (Healthy)
% Time on Ice - Blackhawks
Lines # - Real PCT - Wanted PCT - Time Play
Normal Forward
1 - 34% - 40% - 12:29
2 - 29% - 30% - 10:51
3 - 21% - 20% - 7:47
4 - 15% - 10% - 5:41
Normal Defense
1 - 46% - 40% - 17:02
2 - 31% - 30% - 11:30
3 - 21% - 20% - 7:43
4 - 1% - 10% - 0:33
PP Forward
1 - 59% - 60% - 5:20
2 - 41% - 40% - 3:45
PP Defense
1 - 52% - 60% - 4:41
2 - 48% - 40% - 4:24
PK Forward
1 - 78% - 60% - 7:40
2 - 22% - 40% - 2:11
PK Defense
1 - 62% - 60% - 6:07
2 - 38% - 40% - 3:44
PK3 Forward
1 - 74% - 60% - 1:31
2 - 26% - 40% - 0:32
PK3 Defense
1 - 62% - 60% - 1:16
2 - 38% - 40% - 0:47
44 Forward
1 - 100% - 60% - 2:57
2 - 0% - 40% - 0:00
44 Defense
1 - 57% - 60% - 1:41
2 - 43% - 40% - 1:16
Last Minute Offensive - 0:00
Last Minute Defensive - 0:00
Total
Forward - 60:44
Defense - 60:44
|
% Time on Ice - Capitals
Lines # - Real PCT - Wanted PCT - Time Play
Normal Forward
1 - 32% - 40% - 11:48
2 - 29% - 30% - 10:47
3 - 26% - 20% - 9:42
4 - 12% - 10% - 4:31
Normal Defense
1 - 38% - 40% - 13:52
2 - 32% - 30% - 11:36
3 - 24% - 20% - 8:55
4 - 7% - 10% - 2:25
PP Forward
1 - 57% - 60% - 6:27
2 - 43% - 40% - 4:51
PP Defense
1 - 56% - 60% - 6:17
2 - 44% - 40% - 5:01
PK Forward
1 - 74% - 60% - 6:44
2 - 26% - 40% - 2:21
PK Defense
1 - 62% - 60% - 5:37
2 - 38% - 40% - 3:28
PK3 Forward
1 - 0% - 60%
2 - 0% - 40%
PK3 Defense
1 - 0% - 60%
2 - 0% - 40%
44 Forward
1 - 77% - 60% - 2:45
2 - 23% - 40% - 0:48
44 Defense
1 - 76% - 60% - 2:41
2 - 24% - 40% - 0:52
Last Minute Offensive - 0:00
Last Minute Defensive - 0:00
Total
Forward - 60:44
Defense - 60:44
|
Play by Play
1st period
0:01 of 1st period - Derick Brassard wins face-off versus Joe Thornton in neutral zone.
0:08 of 1st period - Snap shot by Jamie Benn.
0:08 of 1st period - Shot Misses the Net.
0:58 of 1st period - Wrist shot by Josef Vasicek.
0:58 of 1st period - Stopped by Jimmy Howard without a rebound.
0:59 of 1st period - Darroll Powe wins face-off versus Steve Ott in Blackhawks zone.
1:14 of 1st period - Slapshot by Joe Thornton.
1:14 of 1st period - Goal by Joe Thornton - Blackhawks : 0 - Capitals : 1.
1:15 of 1st period - Derick Brassard wins face-off versus Joe Thornton in neutral zone.
1:42 of 1st period - Ryan Johansen is hit by Tuomo Ruutu and loses puck.
1:47 of 1st period - Backhand shot by Ryan Getzlaf.
1:47 of 1st period - Stopped by Jimmy Howard without a rebound.
1:48 of 1st period - Josef Vasicek wins face-off versus Peter Regin in Blackhawks zone.
1:59 of 1st period - Wrist shot by Peter Regin.
1:59 of 1st period - Stopped by Miika Kiprusoff without a rebound.
2:00 of 1st period - Derick Brassard wins face-off versus Ryan Getzlaf in Capitals zone.
2:01 of 1st period - Snap shot by Antoine Roussel.
2:01 of 1st period - Shot Blocked by Ryan Getzlaf.
2:07 of 1st period - Wrist shot by Antoine Roussel.
2:07 of 1st period - Stopped by Miika Kiprusoff with a rebound.
2:09 of 1st period - Snap shot by Mike Green.
2:09 of 1st period - Deflect By Antoine Roussel.
2:09 of 1st period - Goal by Antoine Roussel - Blackhawks : 1 - Capitals : 1.
2:10 of 1st period - Peter Regin wins face-off versus Joe Thornton in neutral zone.
2:15 of 1st period - Slapshot by Peter Regin.
2:15 of 1st period - Stopped by Miika Kiprusoff without a rebound.
2:16 of 1st period - Joe Thornton wins face-off versus Peter Regin in Capitals zone.
2:18 of 1st period - Minor Penalty to Blake Wheeler for Hooking.
2:19 of 1st period - Derick Brassard wins face-off versus Joe Thornton in Capitals zone.
2:31 of 1st period - Snap shot by Derick Brassard.
2:31 of 1st period - Deflect By Stephane Robidas.
2:31 of 1st period - Stopped by Miika Kiprusoff without a rebound.
2:32 of 1st period - Derick Brassard wins face-off versus Joe Thornton in Capitals zone.
2:33 of 1st period - Slapshot by Mike Green.
2:33 of 1st period - Stopped by Miika Kiprusoff with a rebound.
2:35 of 1st period - Slapshot by Mike Green.
2:35 of 1st period - Deflect By Antoine Roussel.
2:35 of 1st period - Stopped by Miika Kiprusoff with a rebound.
2:37 of 1st period - Slapshot by Mike Green.
2:37 of 1st period - Stopped by Miika Kiprusoff without a rebound.
2:38 of 1st period - Joe Thornton wins face-off versus Derick Brassard in Capitals zone.
2:53 of 1st period - Wrist shot by Antoine Roussel.
2:53 of 1st period - Deflect By Derick Brassard.
2:53 of 1st period - Shot Misses the Net.
2:53 of 1st period - Puck is out of play.
2:54 of 1st period - Peter Regin wins face-off versus T.J. Oshie in Capitals zone.
3:01 of 1st period - Slapshot by Tomas Fleischmann.
3:01 of 1st period - Shot Misses the Net.
3:23 of 1st period - Chad Larose is hit by Ryan Getzlaf and loses puck.
4:18 of 1st period - Penalty to Blake Wheeler is over, Blake Wheeler is back on ice.
4:22 of 1st period - Lasse Kukkonen is hit by Dalton Prout and loses puck.
4:37 of 1st period - Slapshot by Lasse Kukkonen.
4:37 of 1st period - Stopped by Jimmy Howard with a rebound.
4:39 of 1st period - Minor Penalty to Jaden Schwartz for Slashing.
4:40 of 1st period - Derick Brassard wins face-off versus Joe Thornton in Blackhawks zone.
4:55 of 1st period - Wrist shot by Blake Wheeler.
4:55 of 1st period - Stopped by Jimmy Howard without a rebound.
4:56 of 1st period - Derick Brassard wins face-off versus Joe Thornton in Blackhawks zone.
4:56 of 1st period - Derick Brassard is hit by Joe Thornton.
5:11 of 1st period - Minor Penalty to Antoine Roussel for Slashing.
5:12 of 1st period - Derick Brassard wins face-off versus Joe Thornton in Blackhawks zone.
5:12 of 1st period - Derick Brassard is hit by Jamie Benn.
5:38 of 1st period - Joni Pitkanen is hit by Tuomo Ruutu and loses puck.
5:43 of 1st period - Snap shot by Alexei Morozov.
5:43 of 1st period - Stopped by Jimmy Howard without a rebound.
5:44 of 1st period - Blake Wheeler wins face-off versus Derick Brassard in Blackhawks zone.
5:57 of 1st period - Snap shot by Blake Wheeler.
5:57 of 1st period - Stopped by Jimmy Howard with a rebound.
5:59 of 1st period - Slapshot by Joe Thornton.
5:59 of 1st period - Shot Blocked by Derick Brassard.
6:17 of 1st period - Wrist shot by Ryan Getzlaf.
6:17 of 1st period - Stopped by Jimmy Howard with a rebound.
6:19 of 1st period - Slapshot by Paul Martin.
6:19 of 1st period - Shot Misses the Net.
6:39 of 1st period - Penalty to Jaden Schwartz is over, Jaden Schwartz is back on ice.
7:11 of 1st period - Penalty to Antoine Roussel is over, Antoine Roussel is back on ice.
11:11 of 1st period - Paul Martin is hit by Taylor Pyatt and loses puck.
11:22 of 1st period - Minor Penalty to Taylor Pyatt for Hooking.
11:23 of 1st period - Derick Brassard wins face-off versus Ryan Getzlaf in Blackhawks zone.
11:38 of 1st period - Slapshot by Alexei Morozov.
11:38 of 1st period - Shot Misses the Net.
12:04 of 1st period - Peter Regin is hit by Joe Thornton and loses puck.
12:56 of 1st period - Paul Martin is hit by Peter Regin and loses puck.
13:15 of 1st period - Peter Regin is hit by Josef Vasicek and loses puck.
13:22 of 1st period - Penalty to Taylor Pyatt is over, Taylor Pyatt is back on ice.
13:31 of 1st period - Snap shot by Derick Brassard.
13:31 of 1st period - Shot Hit the Post.
13:33 of 1st period - Slapshot by Dalton Prout.
13:33 of 1st period - Stopped by Miika Kiprusoff with a rebound.
13:35 of 1st period - Wrist shot by Antoine Roussel.
13:35 of 1st period - Shot Blocked by Josef Vasicek.
13:37 of 1st period - Slapshot by Antoine Roussel.
13:37 of 1st period - Deflect By Derick Brassard.
13:37 of 1st period - Stopped by Miika Kiprusoff with a rebound.
14:33 of 1st period - Snap shot by Darroll Powe.
14:33 of 1st period - Shot Hit the Post.
14:35 of 1st period - Wrist shot by Eric Fehr.
14:35 of 1st period - Deflect By T.J. Oshie.
14:35 of 1st period - Shot Blocked by Denis Grebeshkov.
14:35 of 1st period - Puck is out of play.
14:36 of 1st period - Darroll Powe wins face-off versus Peter Regin in Blackhawks zone.
15:07 of 1st period - Wrist shot by Ryan Getzlaf.
15:07 of 1st period - Deflect By Tuomo Ruutu.
15:07 of 1st period - Stopped by Jimmy Howard without a rebound.
15:08 of 1st period - Ryan Getzlaf wins face-off versus Peter Regin in Blackhawks zone.
15:19 of 1st period - Wrist shot by Ryan Getzlaf.
15:19 of 1st period - Stopped by Jimmy Howard without a rebound.
15:20 of 1st period - Joe Thornton wins face-off versus Derick Brassard in Blackhawks zone.
15:21 of 1st period - Snap shot by Jamie Benn.
15:21 of 1st period - Shot Blocked by Mike Green.
15:47 of 1st period - Tuomo Ruutu is hit by Mike Green and loses puck.
15:56 of 1st period - Snap shot by Tyler Kennedy.
15:56 of 1st period - Deflect By Peter Regin.
15:56 of 1st period - Shot Misses the Net.
15:56 of 1st period - Puck is out of play.
15:57 of 1st period - Peter Regin wins face-off versus Joe Thornton in Capitals zone.
16:06 of 1st period - Denis Grebeshkov is hit by Jamie Benn and loses puck.
16:35 of 1st period - Snap shot by Antoine Roussel.
16:35 of 1st period - Shot Misses the Net.
17:09 of 1st period - Snap shot by Blake Wheeler.
17:09 of 1st period - Shot Misses the Net.
17:11 of 1st period - Snap shot by Paul Martin.
17:11 of 1st period - Stopped by Jimmy Howard with a rebound.
17:30 of 1st period - Snap shot by Tyler Kennedy.
17:30 of 1st period - Shot Misses the Net.
17:52 of 1st period - Snap shot by Derick Brassard.
17:52 of 1st period - Stopped by Miika Kiprusoff without a rebound.
17:53 of 1st period - Derick Brassard wins face-off versus Josef Vasicek in Capitals zone.
17:54 of 1st period - Snap shot by Antoine Roussel.
17:54 of 1st period - Stopped by Miika Kiprusoff without a rebound.
17:55 of 1st period - Derick Brassard wins face-off versus Josef Vasicek in Capitals zone.
18:02 of 1st period - Slapshot by Antoine Roussel.
18:02 of 1st period - Stopped by Miika Kiprusoff with a rebound.
18:20 of 1st period - Blake Wheeler is hit by Peter Regin and loses puck.
18:51 of 1st period - Denis Grebeshkov is hit by Tuomo Ruutu and loses puck.
18:54 of 1st period - Slapshot by Ladislav Smid.
18:54 of 1st period - Stopped by Miika Kiprusoff with a rebound.
19:24 of 1st period - Paul Martin is hit by Antoine Roussel and loses puck.
19:35 of 1st period - Snap shot by Antoine Roussel.
19:35 of 1st period - Shot Blocked by Darroll Powe.
19:54 of 1st period - Snap shot by Alexei Morozov.
19:54 of 1st period - Stopped by Jimmy Howard without a rebound.
19:55 of 1st period - Josef Vasicek wins face-off versus Derick Brassard in Blackhawks zone.
Goals for this period are 1 for Blackhawks vs 1 for Capitals.
Shots for this period are 14 for Blackhawks vs 12 for Capitals.
2nd period
0:01 of 2nd period - Jamie Benn wins face-off versus Derick Brassard in neutral zone.
0:26 of 2nd period - Mike Green is hit by Tuomo Ruutu and loses puck.
1:09 of 2nd period - Snap shot by Jaden Schwartz.
1:09 of 2nd period - Stopped by Miika Kiprusoff with a rebound.
1:11 of 2nd period - Backhand shot by Kevin Marshall.
1:11 of 2nd period - Deflect By Joe Thornton.
1:11 of 2nd period - Stopped by Miika Kiprusoff with a rebound.
2:22 of 2nd period - Tuomo Ruutu is hit by Kyle Brodziak and loses puck.
2:39 of 2nd period - Derick Brassard is hit by Chris Kunitz and loses puck.
3:46 of 2nd period - Slapshot by Mike Green.
3:46 of 2nd period - Shot Blocked by Erik Karlsson.
4:14 of 2nd period - Slapshot by Joni Pitkanen.
4:14 of 2nd period - Shot Misses the Net.
4:25 of 2nd period - Denis Grebeshkov is hit by Josef Vasicek.
4:35 of 2nd period - Denis Grebeshkov is hit by Matt Irwin and loses puck.
4:50 of 2nd period - Blake Wheeler is hit by Taylor Pyatt and loses puck.
4:57 of 2nd period - Wrist shot by Ryan Johansen.
4:57 of 2nd period - Shot Misses the Net.
4:59 of 2nd period - Snap shot by Taylor Pyatt.
4:59 of 2nd period - Stopped by Miika Kiprusoff with a rebound.
5:04 of 2nd period - Minor Penalty to Matt Carle for High sticking.
5:05 of 2nd period - Derick Brassard wins face-off versus Joe Thornton in Capitals zone.
5:21 of 2nd period - Wrist shot by Derick Brassard.
5:21 of 2nd period - Shot Blocked by Stephane Robidas.
5:31 of 2nd period - Slapshot by Denis Grebeshkov.
5:31 of 2nd period - Stopped by Miika Kiprusoff with a rebound.
6:48 of 2nd period - Peter Regin is hit by Blake Wheeler.
7:04 of 2nd period - Penalty to Matt Carle is over, Matt Carle is back on ice.
7:08 of 2nd period - Mike Green is hit by T.J. Oshie and loses puck.
7:43 of 2nd period - Wrist shot by Eric Fehr.
7:43 of 2nd period - Stopped by Jimmy Howard with a rebound.
8:05 of 2nd period - Dalton Prout is hit by Blake Wheeler and loses puck.
8:30 of 2nd period - Minor Penalty to Chris Kunitz for Slashing.
8:31 of 2nd period - Joe Thornton wins face-off versus Derick Brassard in Capitals zone.
8:31 of 2nd period - Joe Thornton is hit by Chad Larose.
8:45 of 2nd period - Wrist shot by Derick Brassard.
8:45 of 2nd period - Stopped by Miika Kiprusoff without a rebound.
8:46 of 2nd period - Peter Regin wins face-off versus Joe Thornton in Capitals zone.
9:09 of 2nd period - Lasse Kukkonen is hit by Chad Larose and loses puck.
9:25 of 2nd period - Alexei Morozov is hit by Denis Grebeshkov and loses puck.
9:36 of 2nd period - Minor Penalty to Derick Brassard for Interference.
9:37 of 2nd period - Joe Thornton wins face-off versus Kyle Brodziak in Blackhawks zone.
10:19 of 2nd period - Ladislav Smid is hit by Lasse Kukkonen and loses puck.
10:30 of 2nd period - Penalty to Chris Kunitz is over, Chris Kunitz is back on ice.
10:43 of 2nd period - Backhand shot by Chris Kunitz.
10:43 of 2nd period - Stopped by Jimmy Howard without a rebound.
10:44 of 2nd period - Ryan Johansen wins face-off versus Joe Thornton in Blackhawks zone.
11:23 of 2nd period - Denis Grebeshkov is hit by Alexei Morozov and loses puck.
11:36 of 2nd period - Penalty to Derick Brassard is over, Derick Brassard is back on ice.
11:57 of 2nd period - Slapshot by Denis Grebeshkov.
11:57 of 2nd period - Shot Blocked by Matt Carle.
11:59 of 2nd period - Slapshot by Ladislav Smid.
11:59 of 2nd period - Stopped by Miika Kiprusoff without a rebound.
12:00 of 2nd period - Josef Vasicek wins face-off versus Peter Regin in Capitals zone.
12:13 of 2nd period - Wrist shot by Josef Vasicek.
12:13 of 2nd period - Shot Misses the Net.
12:19 of 2nd period - Snap shot by Josef Vasicek.
12:19 of 2nd period - Stopped by Jimmy Howard with a rebound.
12:31 of 2nd period - Snap shot by T.J. Oshie.
12:31 of 2nd period - Shot Misses the Net.
13:34 of 2nd period - Icing by Tyler Kennedy.
13:35 of 2nd period - Joe Thornton wins face-off versus Peter Regin in Blackhawks zone.
13:36 of 2nd period - Snap shot by Blake Wheeler.
13:36 of 2nd period - Shot Misses the Net.
13:38 of 2nd period - Wrist shot by Blake Wheeler.
13:38 of 2nd period - Shot Misses the Net.
13:40 of 2nd period - Slapshot by Lasse Kukkonen.
13:40 of 2nd period - Stopped by Jimmy Howard without a rebound.
13:41 of 2nd period - Joe Thornton wins face-off versus Chad Larose in Blackhawks zone.
13:53 of 2nd period - Off-side.
13:54 of 2nd period - Chad Larose wins face-off versus Joe Thornton in neutral zone.
14:03 of 2nd period - Snap shot by Antoine Roussel.
14:03 of 2nd period - Stopped by Miika Kiprusoff with a rebound.
14:05 of 2nd period - Slapshot by Denis Grebeshkov.
14:05 of 2nd period - Stopped by Miika Kiprusoff with a rebound.
14:07 of 2nd period - Snap shot by Antoine Roussel.
14:07 of 2nd period - Shot Blocked by Stephane Robidas.
14:09 of 2nd period - Wrist shot by Derick Brassard.
14:09 of 2nd period - Shot Blocked by Blake Wheeler.
14:33 of 2nd period - Icing by Stephane Robidas.
14:34 of 2nd period - Ryan Getzlaf wins face-off versus Derick Brassard in Capitals zone.
15:05 of 2nd period - Slapshot by Joni Pitkanen.
15:05 of 2nd period - Deflect By Stephane Robidas.
15:05 of 2nd period - Stopped by Miika Kiprusoff with a rebound.
15:29 of 2nd period - Wrist shot by Jamie Benn.
15:29 of 2nd period - Goal by Jamie Benn - Blackhawks : 1 - Capitals : 2.
15:30 of 2nd period - Joe Thornton wins face-off versus Chad Larose in neutral zone.
15:33 of 2nd period - Slapshot by Matt Irwin.
15:33 of 2nd period - Shot Blocked by Antoine Roussel.
15:41 of 2nd period - Slapshot by Derick Brassard.
15:41 of 2nd period - Shot Blocked by Matt Irwin.
16:16 of 2nd period - Wrist shot by Joe Thornton.
16:16 of 2nd period - Stopped by Jimmy Howard with a rebound.
16:18 of 2nd period - Slapshot by Jamie Benn.
16:18 of 2nd period - Shot Blocked by Mike Green.
16:20 of 2nd period - Slapshot by Matt Carle.
16:20 of 2nd period - Shot Misses the Net.
16:46 of 2nd period - Taylor Pyatt is hit by Matt Irwin and loses puck.
17:07 of 2nd period - Erik Karlsson is hit by Joni Pitkanen and loses puck.
17:16 of 2nd period - Wrist shot by Taylor Pyatt.
17:16 of 2nd period - Stopped by Miika Kiprusoff without a rebound.
17:17 of 2nd period - Derick Brassard wins face-off versus Ryan Getzlaf in Capitals zone.
17:30 of 2nd period - Wrist shot by Ryan Getzlaf.
17:30 of 2nd period - Deflect By Tuomo Ruutu.
17:30 of 2nd period - Shot Blocked by Ladislav Smid.
17:30 of 2nd period - Puck is out of play.
17:31 of 2nd period - Derick Brassard wins face-off versus Ryan Getzlaf in Blackhawks zone.
17:31 of 2nd period - Derick Brassard is hit by Alexei Morozov.
17:34 of 2nd period - Minor Penalty to Derick Brassard for Hooking.
17:35 of 2nd period - Ryan Getzlaf wins face-off versus Ryan Johansen in Blackhawks zone.
19:13 of 2nd period - Joe Thornton is hit by Taylor Pyatt and loses puck.
19:34 of 2nd period - Penalty to Derick Brassard is over, Derick Brassard is back on ice.
Goals for this period are 0 for Blackhawks vs 1 for Capitals.
Shots for this period are 10 for Blackhawks vs 6 for Capitals.
3rd period
0:01 of 3rd period - Derick Brassard wins face-off versus Joe Thornton in neutral zone.
0:08 of 3rd period - Snap shot by Mike Green.
0:08 of 3rd period - Deflect By Stephane Robidas.
0:08 of 3rd period - Stopped by Miika Kiprusoff with a rebound.
0:10 of 3rd period - Slapshot by Joni Pitkanen.
0:10 of 3rd period - Shot Misses the Net.
0:12 of 3rd period - Slapshot by Joni Pitkanen.
0:12 of 3rd period - Stopped by Miika Kiprusoff with a rebound.
0:14 of 3rd period - Slapshot by Mike Green.
0:14 of 3rd period - Shot Misses the Net.
0:16 of 3rd period - Slapshot by Mike Green.
0:16 of 3rd period - Stopped by Miika Kiprusoff without a rebound.
0:17 of 3rd period - Peter Regin wins face-off versus Ryan Getzlaf in Capitals zone.
1:01 of 3rd period - Minor Penalty to Chad Larose for Hooking.
1:02 of 3rd period - Joe Thornton wins face-off versus Derick Brassard in Blackhawks zone.
1:19 of 3rd period - Snap shot by Blake Wheeler.
1:19 of 3rd period - Goal by Blake Wheeler - Blackhawks : 1 - Capitals : 3.
1:20 of 3rd period - Antoine Roussel wins face-off versus Blake Wheeler in neutral zone.
2:29 of 3rd period - Minor Penalty to Josef Vasicek for Hooking.
2:30 of 3rd period - Derick Brassard wins face-off versus Joe Thornton in Capitals zone.
2:32 of 3rd period - Minor Penalty to Antoine Roussel for Holding.
2:33 of 3rd period - Derick Brassard wins face-off versus Joe Thornton in Blackhawks zone.
3:02 of 3rd period - Icing by Lasse Kukkonen.
3:03 of 3rd period - Joe Thornton wins face-off versus Derick Brassard in Capitals zone.
4:00 of 3rd period - Snap shot by Jaden Schwartz.
4:00 of 3rd period - Shot Misses the Net.
4:16 of 3rd period - Lasse Kukkonen is hit by Taylor Pyatt and loses puck.
4:29 of 3rd period - Penalty to Josef Vasicek is over, Josef Vasicek is back on ice.
4:32 of 3rd period - Penalty to Antoine Roussel is over, Antoine Roussel is back on ice.
4:37 of 3rd period - Slapshot by Matt Irwin.
4:37 of 3rd period - Stopped by Jimmy Howard with a rebound.
4:51 of 3rd period - Wrist shot by Antoine Roussel.
4:51 of 3rd period - Shot Misses the Net.
4:53 of 3rd period - Wrist shot by Jaden Schwartz.
4:53 of 3rd period - Shot Misses the Net.
4:55 of 3rd period - Wrist shot by Jaden Schwartz.
4:55 of 3rd period - Blackhawks goal is going for a video replay.
4:55 of 3rd period - The goal is good.
4:55 of 3rd period - Goal by Jaden Schwartz - Blackhawks : 2 - Capitals : 3.
4:56 of 3rd period - Derick Brassard wins face-off versus Joe Thornton in neutral zone.
5:27 of 3rd period - Wrist shot by Tomas Fleischmann.
5:27 of 3rd period - Shot Blocked by Alexei Morozov.
5:31 of 3rd period - Wrist shot by Peter Regin.
5:31 of 3rd period - Shot Blocked by Alexei Morozov.
5:33 of 3rd period - Wrist shot by Tomas Fleischmann.
5:33 of 3rd period - Stopped by Miika Kiprusoff with a rebound.
5:39 of 3rd period - Minor Penalty to Alexei Morozov for Hooking.
5:40 of 3rd period - Joe Thornton wins face-off versus Derick Brassard in Capitals zone.
5:40 of 3rd period - Joe Thornton is hit by Derick Brassard.
5:50 of 3rd period - Joni Pitkanen is hit by Joe Thornton and loses puck.
6:36 of 3rd period - Lasse Kukkonen is hit by Tomas Fleischmann and loses puck.
7:39 of 3rd period - Penalty to Alexei Morozov is over, Alexei Morozov is back on ice.
7:58 of 3rd period - Snap shot by Darroll Powe.
7:58 of 3rd period - Shot Misses the Net.
8:00 of 3rd period - Snap shot by Matt Carle.
8:00 of 3rd period - Deflect By Josef Vasicek.
8:00 of 3rd period - Stopped by Jimmy Howard without a rebound.
8:01 of 3rd period - Ryan Johansen wins face-off versus Ryan Getzlaf in Blackhawks zone.
8:25 of 3rd period - Steve Ott is hit by Joe Thornton and loses puck.
8:38 of 3rd period - Snap shot by Antoine Roussel.
8:38 of 3rd period - Shot Misses the Net.
8:40 of 3rd period - Slapshot by Derick Brassard.
8:40 of 3rd period - Stopped by Miika Kiprusoff without a rebound.
8:41 of 3rd period - Josef Vasicek wins face-off versus Chad Larose in Capitals zone.
9:05 of 3rd period - Josef Vasicek is hit by Antoine Roussel and loses puck.
9:18 of 3rd period - Wrist shot by T.J. Oshie.
9:18 of 3rd period - Stopped by Jimmy Howard with a rebound.
9:20 of 3rd period - Snap shot by T.J. Oshie.
9:20 of 3rd period - Deflect By Derick Brassard.
9:20 of 3rd period - Stopped by Jimmy Howard with a rebound.
9:22 of 3rd period - Wrist shot by Chris Kunitz.
9:22 of 3rd period - Deflect By Josef Vasicek.
9:22 of 3rd period - Stopped by Jimmy Howard without a rebound.
9:23 of 3rd period - Peter Regin wins face-off versus Joe Thornton in Blackhawks zone.
9:23 of 3rd period - Peter Regin is hit by Jamie Benn.
9:36 of 3rd period - Minor Penalty to Joe Thornton for Interference.
9:37 of 3rd period - T.J. Oshie wins face-off versus Derick Brassard in Capitals zone.
9:46 of 3rd period - Off-side.
9:47 of 3rd period - T.J. Oshie wins face-off versus Derick Brassard in neutral zone.
10:03 of 3rd period - Off-side.
10:04 of 3rd period - Derick Brassard wins face-off versus T.J. Oshie in neutral zone.
10:09 of 3rd period - Derick Brassard is hit by Lasse Kukkonen and loses puck.
11:36 of 3rd period - Penalty to Joe Thornton is over, Joe Thornton is back on ice.
12:00 of 3rd period - Joe Thornton is hit by Jaden Schwartz and loses puck.
12:13 of 3rd period - Kevin Marshall is hit by Ryan Getzlaf and loses puck.
13:04 of 3rd period - Slapshot by Mike Green.
13:04 of 3rd period - Shot Blocked by Joe Thornton.
13:40 of 3rd period - Icing by Denis Grebeshkov.
13:41 of 3rd period - Derick Brassard wins face-off versus Josef Vasicek in Blackhawks zone.
13:50 of 3rd period - Wrist shot by Derick Brassard.
13:50 of 3rd period - Shot Misses the Net.
13:52 of 3rd period - Snap shot by Chad Larose.
13:52 of 3rd period - Shot Misses the Net.
13:54 of 3rd period - Wrist shot by Derick Brassard.
13:54 of 3rd period - Shot Misses the Net.
13:56 of 3rd period - Slapshot by Denis Grebeshkov.
13:56 of 3rd period - Stopped by Miika Kiprusoff without a rebound.
13:57 of 3rd period - Peter Regin wins face-off versus Ryan Getzlaf in Capitals zone.
14:00 of 3rd period - Snap shot by Tyler Kennedy.
14:00 of 3rd period - Shot Misses the Net.
14:02 of 3rd period - Backhand shot by Tyler Kennedy.
14:02 of 3rd period - Shot Blocked by Lasse Kukkonen.
14:04 of 3rd period - Wrist shot by Tyler Kennedy.
14:04 of 3rd period - Stopped by Miika Kiprusoff without a rebound.
14:05 of 3rd period - Alexei Morozov wins face-off versus Peter Regin in Capitals zone.
14:10 of 3rd period - Slapshot by Ryan Getzlaf.
14:10 of 3rd period - Stopped by Jimmy Howard with a rebound.
14:41 of 3rd period - Mike Green is hit by Alexei Morozov and loses puck.
14:45 of 3rd period - Mike Green is hit by Stephane Robidas and loses puck.
14:52 of 3rd period - Wrist shot by Peter Regin.
14:52 of 3rd period - Stopped by Miika Kiprusoff without a rebound.
14:53 of 3rd period - Derick Brassard wins face-off versus Joe Thornton in Capitals zone.
15:26 of 3rd period - Minor Penalty to Ryan Johansen for Tripping.
15:27 of 3rd period - Derick Brassard wins face-off versus Joe Thornton in Blackhawks zone.
17:26 of 3rd period - Penalty to Ryan Johansen is over, Ryan Johansen is back on ice.
17:49 of 3rd period - Slapshot by Ryan Johansen.
17:49 of 3rd period - Goal by Ryan Johansen - Blackhawks : 3 - Capitals : 3.
17:50 of 3rd period - Ryan Johansen wins face-off versus Josef Vasicek in neutral zone.
18:17 of 3rd period - Lasse Kukkonen is hit by Antoine Roussel and loses puck.
18:25 of 3rd period - Off-side.
18:26 of 3rd period - Ryan Johansen wins face-off versus Josef Vasicek in neutral zone.
18:29 of 3rd period - Slapshot by Ladislav Smid.
18:29 of 3rd period - Shot Blocked by Matt Irwin.
18:36 of 3rd period - Minor Penalty to Taylor Pyatt for Slashing.
18:37 of 3rd period - Derick Brassard wins face-off versus Joe Thornton in Blackhawks zone.
18:37 of 3rd period - Derick Brassard is hit by Stephane Robidas.
19:35 of 3rd period - Wrist shot by Peter Regin.
19:35 of 3rd period - Shot Blocked by Paul Martin.
Goals for this period are 2 for Blackhawks vs 1 for Capitals.
Shots for this period are 10 for Blackhawks vs 7 for Capitals.
Overtime #1
0:01 of 1st overtime period - Derick Brassard wins face-off versus Joe Thornton in neutral zone.
0:36 of 1st overtime period - Penalty to Taylor Pyatt is over, Taylor Pyatt is back on ice.
0:44 of 1st overtime period - Slapshot by Stephane Robidas.
0:44 of 1st overtime period - Deflect By Blake Wheeler.
0:44 of 1st overtime period - Goal by Blake Wheeler - Blackhawks : 3 - Capitals : 4.
Goals for this period are 0 for Blackhawks vs 1 for Capitals.
Shots for this period are 0 for Blackhawks vs 1 for Capitals.
Back to the Top